 Dungeon Crawl Stone Soup version 0.27.0-1-g7a089689b8 (webtiles) character file.

Game seed: 7218509812650288356

63 sanka the Shield-Bearer (level 4, 0/35 HPs)
             Began as a Djinni Fighter on Aug 5, 2021.
             Slain by a jackal (2 damage)
             ... on level 1 of the Dungeon.
             The game lasted 00:01:32 (1544 turns).

sanka the Shield-Bearer (Djinni Fighter)            Turns: 1544, Time: 00:01:32

Health: 0/35       AC:  6    Str: 15    XL:     4   Next: 31%
Gold:   56         EV:  6    Int: 10    God:
                   SH:  8    Dex: 13

rFire    + . .     SeeInvis .   a - +0 long sword
rCold    . . .     Faith    .   c - +0 kite shield
rNeg     . . .     Spirit   .   b - +0 scale mail
rPois    ∞         Reflect  .   (no helmet)
rElec    .         Harm     .   (no cloak)
rCorr    .         Rampage  .   (no gloves)
Will     .....                  (boots unavailable)
Stlth    ..........             (no amulet)
HPRegen  0.11/turn              (no ring)
MPRegen  0.00/turn              j - ring of ice

@: flying
A: sickness immunity, fire resistance 2, cold vulnerability 1, float, innate
caster, hp casting, extra vitality 1
a: no special abilities


You were on level 1 of the Dungeon.
You visited 1 branch of the dungeon, and saw 2 of its levels.

You collected 56 gold pieces.


Innate Abilities, Weirdness & Mutations

You are immune to sickness and miasma.
You are immune to poison.
Your flesh is very heat resistant. (rF++)
You are vulnerable to cold. (rC-)
You float through the air rather than walking.
You learn spells naturally, not from books.
Your magical power is your life essence.
You have superior vitality. (+4 HP)


   Skills:
 - Level 3.0 Fighting
 - Level 2.0 Long Blades
 - Level 3.0 Armour
 - Level 3.0 Shields
 + Level 2.5 Spellcasting


You had 7 spell levels left.
You knew the following spells:

 Your Spells              Type           Power      Damage    Failure   Level
Z - Corona                Hex            6%         N/A       88%         1
Your spell library was empty.

Inventory:

Hand Weapons
 a - a +0 long sword (weapon)
Armour
 b - a +0 scale mail (worn)
 c - a +0 kite shield (worn)
Jewellery
 j - a ring of ice (right hand)
Scrolls
 e - 2 scrolls of identify {unknown}
 f - a scroll of enchant weapon {unknown}
 g - a scroll of silence {unknown}
Potions
 d - a potion of might
 h - a potion of lignification {unknown}
 i - a potion of cancellation {unknown}

Dungeon Overview and Level Annotations

Branches:
Dungeon (2/15)

Altars:

▒.▒▒▒▒▒▒▒▒▒.▒ ▒.▒
▒▒▒▒▒.▒ ▒▒ ▒.▒
▒.....▒▒▒.
▒▒▒.▒▒▒▒▒.▒▒▒▒▒▒..
▒..)......▒ ▒▒...
▒.▒▒▒▒▒▒▒.▒▒▒▒....
▒r▒ ▒......... ▒h▒
▒▒▒▒▒..... ▒R▒
▒.▒... ▒.▒ ▒.▒▒..
▒▒.▒▒ ▒.....
▒▒...▒▒ ▒▒▒▒▒.
▒.....▒ ▒. ▒.....▒
▒▒▒▒▒. ▒.....▒
▒..... ▒▒...▒▒
▒.▒▒▒▒ ▒▒▒.▒ ▒.▒


You could see a jackal and a rat.


Message History

You block the jackal's attack. The adder bites you.
* * * LOW HITPOINT WARNING * * *
Unknown command.
You closely miss the adder.
The adder is heavily wounded.
The jackal barely misses you. The adder bites you.
* * * LOW HITPOINT WARNING * * *
You block the jackal's attack. The adder bites you but does no damage.
The jackal bites you.
* * * LOW HITPOINT WARNING * * *
You hit the adder.
You kill the adder!
The jackal bites you but does no damage.
You block the jackal's attack.
You slash the jackal!
You kill the jackal!
You block the jackal's attack.
You hit the jackal.
The jackal is heavily wounded.
The jackal bites you.
* * * LOW HITPOINT WARNING * * *
You block the jackal's attack.
You closely miss the jackal.
The jackal is heavily wounded.
The jackal closely misses you. The jackal bites you.
You die...

Action                   |  1- 3 |  4- 6 || total
-------------------------+-------+-------++-------
Melee: Long sword        |   108 |    32 ||   140
Armor: Scale mail        |    63 |    38 ||   101
Dodge: Dodged            |    33 |    25 ||    58
Block: Kite shield       |    58 |    32 ||    90
       Rpst.: Long sword |    10 |     5 ||    15

Levels and vault maps discovered:
D:1:      kennysheep_arrival_seaside, layout_loops_ring,
          ebering_ecumenical_altar_petrified, minmay_pentomino_w4
D:2:      cheibrodos_old_hovel, layout_basic, amcnicky_mini_pool_small,
          kennysheep_big_empty_room

Notes
Turn   | Place    | Note
-------+----------+-------------------------------------------
     0 | D:1      | sanka the Djinni Fighter began the quest for the Orb.
     0 | D:1      | Reached XP level 1. HP: 20/20 MP: 0/0
    38 | D:1      | Reached skill level 2 in Long Blades
    93 | D:1      | Reached XP level 2. HP: 25/25 MP: 0/0
   125 | D:1      | Reached skill level 1 in Spellcasting
   435 | D:1      | Reached XP level 3. HP: 30/30 MP: 0/0
   435 | D:1      | Learned a level 1 spell: Corona
   669 | D:1      | Reached skill level 2 in Spellcasting
  1045 | D:1      | Found a faded altar of an unknown god.
  1237 | D:1      | Reached XP level 4. HP: 33/35 MP: 0/0
  1538 | D:1      | HP: 2/35 [jackal (3)]
  1543 | D:1      | HP: 2/35 [jackal (1)]
  1544 | D:1      | Slain by a jackal

Vanquished Creatures
  An adder (D:1)
  A dart slug (D:1)
  A ball python (D:1)
  2 endoplasms (D:1)
  A giant cockroach (D:1)
  7 goblins (D:1)
  4 hobgoblins (D:1)
  11 jackals (D:1)
  5 kobolds (D:1)
  A quokka (D:1)
  4 bats (D:1)
  4 rats (D:1)
42 creatures vanquished.

Vanquished Creatures (others)
  2 withered plants (D:1)
2 creatures vanquished.

Grand Total: 44 creatures vanquished
